Map: Abiogênese LE

Players

spauce

  • Race: Terran Terran
  • League: Silver
  • Spawn Location: 11:00

IagoAbreu - Winner!

  • Race: Protoss Protoss
  • League: Silver
  • Spawn Location: 5:00

VOD

Have the link to the VOD?

Description

Time

  • Played on: Feb. 28, 2018, 9:22 a.m.
  • Length: 15:54
Show
View Real Time Build Order
Export as new Build Order

spauce Terran 

Build Orders:  

Get SALT Encoding   

  12  0:01  SCV  
  13  0:14  Supply Depot  
  13  0:18  SCV  
  14  0:30  SCV  
  15  0:42  SCV, Barracks  
  16  0:52  Refinery  
  16  0:54  SCV  
  17  1:00  Refinery  
  17  1:06  SCV  
  18  1:12  Supply Depot  
  18  1:19  SCV  
  19  1:31  SCV  
  20  1:36  Barracks  
  20  1:38  Barracks Reactor  
  20  1:44  SCV  
  21  1:56  SCV  
  22  2:01  Barracks  
  22  2:08  SCV  
  23  2:15  Marine x2  
  25  2:21  SCV  
  26  2:28  Factory  
  26  2:31  Barracks Reactor  
  26  2:37  Marine x2  
  28  2:55  Engineering Bay  
  28  3:00  Marine x2, Barracks Tech Lab  
  30  3:12  Supply Depot  
  30  3:15  Factory Reactor  
  30  3:28  Supply Depot  
  30  3:30  Combat Shields  
  30  3:32  Terran Infantry Weapons Level 1  
  30  3:42  Factory Tech Lab  
  30  3:43  Marine x2  
  30  3:44  Marine x2  
  34  3:54  Supply Depot  
  34  4:04  Sensor Tower  
  34  4:08  Marauder  
  36  4:16  Siege Tank  
  39  4:23  Missile Turret  
  39  4:30  Missile Turret  
  39  4:42  Starport  
  39  4:51  Missile Turret  
  39  5:03  Bunker  
  39  5:05  Marauder  
  41  5:16  Missile Turret  
  41  5:23  Siege Tank  
  44  5:30  Starport Reactor  
  44  5:41  Armory  
  44  5:44  Orbital Command  
  44  5:58  Siege Tank  
  47  6:09  Medivac  
  47  6:10  Medivac  
  51  6:26  Missile Turret  
  51  6:30  Marauder  
  53  6:40  Medivac  
  53  6:46  Missile Turret  
  55  7:08  Supply Depot  
  55  7:11  Supply Depot  
  55  7:17  Marine x2, Medivac  
  59  7:30  Missile Turret  
  59  7:35  Bunker  
  59  7:39  Supply Depot  
  59  7:42  Marine  
  59  7:43  Marine  
  59  8:37  Starport  
  59  8:38  Starport  
  59  8:41  Missile Turret  
  59  8:46  Barracks  
  57  9:01  Missile Turret  
  52  9:33  Starport Reactor  
  52  9:34  Starport Reactor  
  52  9:46  Missile Turret  
  52  9:49  Missile Turret  
  52  10:11  Viking x2  
  52  10:13  Barracks Reactor  
  48  11:06  Marine x2  
  48  11:08  Viking x2  
  54  11:20  Barracks Reactor  
  54  11:23  Marine  
  47  11:46  Marine x2  
  44  11:51  Viking  
  44  11:52  Viking  
  48  11:56  Terran Ship Weapons Level 1  
  48  11:59  Medivac  
  48  12:00  Medivac  
  52  12:19  Ghost Academy  
  46  12:35  Marine  
  46  12:36  Marine  
  42  12:38  Liberator x2  
  42  12:53  Marine x2  
  39  13:11  Marine x4  
  28  13:31  Barracks Reactor  
  20  13:54  Marine x2  
  21  14:03  Marine x2  
  23  14:12  Marine x2  
  23  14:15  Supply Depot  
  25  14:27  Starport Reactor  
  25  14:37  Marine x4  
  29  14:40  Supply Depot  
  18  15:30  Marine x2  
Show
View Real Time Build Order
Export as new Build Order

IagoAbreu Protoss - Winner!

Build Orders:  

Get SALT Encoding   

  12  0:02  Probe (Chrono Boost)  
  13  0:12  Probe (Chrono Boost)  
  14  0:22  Pylon  
  14  0:24  Probe  
  15  0:37  Pylon  
  15  0:40  Probe  
  16  0:49  Pylon  
  16  0:53  Pylon  
  16  1:03  Forge  
  16  1:07  Assimilator  
  16  1:10  Probe (Chrono Boost)  
  17  1:20  Probe (Chrono Boost)  
  17  1:22  Assimilator  
  17  1:25  Probe (Chrono Boost)  
  19  1:37  Probe  
  20  1:49  Probe  
  20  1:51  Photon Cannon  
  21  1:55  Photon Cannon  
  21  2:01  Probe  
  22  2:05  Gateway  
  22  2:26  Pylon  
  22  2:30  Pylon  
  22  2:40  Pylon  
  22  2:44  Pylon  
  22  2:49  Pylon  
  22  3:00  Cybernetics Core  
  22  3:07  Photon Cannon  
  22  3:15  Photon Cannon  
  22  3:47  Stargate x2  
  22  3:55  Robotics Facility  
  22  4:08  Protoss Air Weapons Level 1 (Chrono Boost)  
  22  4:12  Protoss Shields Level 1 (Chrono Boost)  
  22  4:17  Probe  
  23  4:37  Nexus  
  23  4:54  Pylon  
  23  4:58  Pylon  
  23  5:10  Observer  
  24  5:20  Void Ray (Chrono Boost)  
  24  5:21  Void Ray (Chrono Boost)  
  32  5:31  Observer  
  33  5:53  Photon Cannon x2  
  33  6:04  Probe (Chrono Boost)  
  34  6:13  Probe (Chrono Boost)  
  34  6:16  Void Ray (Chrono Boost)  
  43  6:26  Void Ray (Chrono Boost)  
  42  7:09  Warp Gate (Chrono Boost)  
  42  7:30  Observer  
  43  7:41  Probe  
  44  7:53  Probe  
  44  7:57  Pylon  
  45  7:59  Pylon  
  45  8:02  Pylon  
  45  8:06  Probe  
  46  8:18  Probe  
  47  8:29  Void Ray x2 (Chrono Boost)  
  47  8:30  Probe  
  56  8:45  Gateway  
  56  8:46  Gateway  
  56  8:49  Gateway  
  56  8:51  Gateway  
  56  8:54  Gateway  
  52  9:22  Zealot  
  48  10:00  Nexus  
  48  10:11  Pylon  
  48  10:13  Pylon  
  48  10:27  Forge  
  48  10:36  Zealot x5  
  57  10:52  Assimilator  
  57  10:56  Assimilator  
  57  11:03  Zealot x5  
  67  11:40  Zealot x3  
  67  11:41  Zealot x2  
  73  12:02  Probe (Chrono Boost)  
  73  12:07  Zealot x2  
  73  12:08  Zealot x3  
  84  12:12  Probe (Chrono Boost)  
  85  12:16  Probe (Chrono Boost)  
  86  12:28  Probe  
  73  12:40  Zealot x4, Probe  
  73  12:41  Zealot  
  74  12:57  Pylon  
  66  13:12  Gateway, Protoss Ground Weapons Level 1 (Chrono Boost)  
  66  13:14  Gateway  
  66  13:16  Gateway  
  66  13:19  Gateway  
  66  13:21  Gateway  
  66  13:23  Pylon  
  66  13:24  Zealot x4  
  66  13:25  Zealot  
  76  14:11  Photon Cannon  
  70  14:27  Pylon  
  56  14:53  Zealot  
  56  14:54  Zealot x3  
  56  14:55  Zealot  
  64  15:06  Photon Cannon  
  58  15:09  Photon Cannon  
  58  15:11  Photon Cannon  
  44  15:16  Photon Cannon  
  44  15:19  Photon Cannon, Zealot x2  
  44  15:20  Zealot x6, Pylon  
  44  15:21  Zealot  
  48  15:38  Pylon  
Tags
 
Add a new tag
Caveats
  • Supply blocks, unpowered buildings, or Contaminate may cause inaccurate times.
  • Supply counts are checked every 10 seconds.